 Dungeon Crawl Stone Soup version 0.14-a0-1570-g671a4b6 (webtiles) character file.

392 PolkaDot the Vexing (level 5, -6/37 HPs)
             Began as a Vampire Enchanter on Dec 21, 2013.
             Killed from afar by an orc wizard (9 damage)
             ... with a magic dart
             ... on Level 3 of the Dungeon.
             The game lasted 00:12:50 (3623 turns).

PolkaDot the Vexing (Vampire Enchanter)             Turns: 3623, Time: 00:12:50

HP  -6/37        AC  4     Str  7      XL: 5   Next: 89%
MP   2/9         EV 12     Int 17      God:
Gold 140         SH  0     Dex 15      Spells:  2 memorised,  4 levels left

rFire  . . .     SeeInvis +     a - +1 dagger
rCold  + + .     Clarity  .     b - +1 robe
rNeg   + + +     Conserve .     (no shield)
rPois  +         rCorr    .     (no helmet)
rElec  .         rRot     +     (no cloak)
SustAb . .       Spirit   .     m - +0 pair of gloves
rMut   .         Warding  .     (no boots)
Saprov . . .     Stasis   .     s - amulet of faith
                                (no ring)
                                (no ring)

@: non-regenerating, very slightly contaminated, slightly resistant to hostile
enchantments, quite stealthy
A: fangs 3, see invisible, unbreathing
a: Bat Form


You were on level 3 of the Dungeon.
You were bloodless.

You visited 1 branch of the dungeon, and saw 3 of its levels.

You collected 140 gold pieces.

Inventory:

Hand weapons
 a - a +1,+1 dagger (weapon)
Missiles
 d - 12 darts (quivered)
Armour
 b - a +1 robe (worn)
 m - a +0 pair of gloves (worn)
Scrolls
 e - 2 scrolls of remove curse
 k - a scroll of fear {unknown}
 l - a scroll of curse jewellery {unknown}
 o - a scroll of teleportation {unknown}
 r - a scroll of immolation {unknown}
Jewellery
 s - an amulet of faith (around neck)
Potions
 h - a potion of brilliance
Books
 c - a book of Maledictions

   Spells                             Type                      Level
   *Corona                            Hexes                        1
   Sure Blade                         Hexes/Charms                 2
   Ensorcelled Hibernation            Hexes/Ice                    2
   *Confuse                           Hexes                        3
   Enslavement                        Hexes                        4
   Invisibility                       Hexes                        6


   Skills:
 - Level 1.1 Fighting
 + Level 3.8 Short Blades
 - Level 0.7 Throwing
 - Level 2.1 Dodging
 + Level 5.0 Stealth
 - Level 2.0 Spellcasting
 * Level 6.8 Hexes


You had 4 spell levels left.
You knew the following spells:

 Your Spells              Type           Power        Failure   Level  Hunger
a - Corona                Hex            ###....      1%          1    #......
c - Confuse               Hex            ###.....     4%          3    ####...


Dungeon Overview and Level Annotations

Branches:
Dungeon (3/16)

Altars:
Cheibriados
Elyvilon
Makhleb


Innate Abilities, Weirdness & Mutations

You do not heal naturally.
You have razor-sharp teeth.*
You have supernaturally acute eyesight.
You can survive without breathing.*


Message History

Read which item? (? for menu, Esc to quit)
As you read the scroll labeled SHREDE THIFF, it crumbles to dust.
Blink to where?
Press: ? - help, Dir - move target cursor, p - orc wizard You are very lightly contaminated with residual magic.
It was a scroll of blinking.
An orc comes into view.
The orc wizard points at you and mumbles some strange words.
The magic dart hits you!
* * * LOW HITPOINT WARNING * * *
You feel yourself speed up.
An orc comes into view. It is wielding an orcish club.
The orc shouts!
Read which item? (? for menu, Esc to quit)
As you read the scroll of fog, it crumbles to dust.
The scroll dissolves into smoke.
The orc wizard barely misses you.
The orc wizard points at you and mumbles some strange words.
The magic dart hits you!
You die...

### #.. #.# #.#
###.#####
#.......#
#§#.###.#
#!#.###.##
#.#@##§§.#.# #.#
#.#§§o§§...# #.#
#)####§§.### #.#
#.# ##o## #.#
#.# #o# . #.#
#.# #.# . #.#
#o# #.# #####
#.# #.#####.#
#...#
#.######.......#


You could see an orc wizard.

Vanquished Creatures
  An ice beast (D:3)
  8 adders
  3 gnolls
  A giant gecko (D:2)
  An ooze (D:1)
  5 orcs (D:3)
  6 bats (D:1)
  A giant cockroach (D:1)
  8 goblins
  6 hobgoblins
  4 jackals (D:1)
  4 kobolds
  A quokka (D:2)
  3 giant newts
  5 rats
  A bush (D:1)
58 creatures vanquished.

Notes
Turn   | Place    | Note
--------------------------------------------------------------
     0 | D:1      | PolkaDot, the Vampire Enchanter, began the quest for the Orb.
     0 | D:1      | Reached XP level 1. HP: 13/13 MP: 3/3
   345 | D:1      | Reached XP level 2. HP: 18/20 MP: 4/4
   357 | D:1      | Reached skill level 1 in Fighting
  1517 | D:2      | Reached XP level 3. HP: 26/26 MP: 6/6
  1910 | D:1      | Learned a level 3 spell: Confuse
  2217 | D:2      | Reached skill level 5 in Hexes
  2217 | D:2      | Reached XP level 4. HP: 24/32 MP: 3/7
  2526 | D:2      | Found a burning altar of Makhleb.
  3018 | D:3      | Reached XP level 5. HP: 5/37 MP: 0/9
  3237 | D:3      | Reached skill level 6 in Hexes
  3336 | D:3      | Found a white marble altar of Elyvilon.
  3336 | D:3      | Found a snail-covered altar of Cheibriados.
  3415 | D:3      | Noticed an ice beast
  3436 | D:3      | Killed an ice beast
  3436 | D:3      | Reached skill level 5 in Stealth
  3623 | D:3      | Killed from afar by an orc wizard

Action                   |  1- 3 |  4- 6 || total
-------------------------+-------+-------++-------
Melee: Dagger            |   471 |   121 ||   592
 Cast: Corona            |     6 |     5 ||    11
       Confuse           |     4 |    15 ||    19
  Use: Potion            |     4 |     2 ||     6
       Scroll            |       |     8 ||     8
 Stab: Sleeping          |     2 |     1 ||     3
       Confused          |     1 |     9 ||    10
       Distracted        |       |     2 ||     2
